 Dungeon Crawl Stone Soup version 0.22.0-1-g6561e4c (webtiles) character file.

215 sking99 the Stinger (level 6, 0/32 HPs)
             Began as a Kobold Venom Mage on Aug 12, 2018.
             Was an Initiate of Dithmenos.
             Slain by an ice beast (1 damage)
             ... on level 3 of the Dungeon.
             The game lasted 00:06:53 (4106 turns).

sking99 the Stinger (Kobold Venom Mage)             Turns: 4106, Time: 00:06:54

Health: 0/32       AC:  4    Str:  5    XL:     6   Next: 15%
Magic:  6/11       EV: 15    Int: 18    God:    Dithmenos [......]
Gold:   86         SH:  0    Dex: 16    Spells: 1/11 levels left

rFire    . . .     SeeInvis .   g - +0 dagger (venom)
rCold    . . .     Gourm    .   (shield restricted)
rNeg     . . .     Faith    .   a - +0 robe
rPois    .         Spirit   .   n - +0 helmet
rElec    .         Reflect  .   q - +0 cloak
rCorr    .         Harm     .   (no gloves)
MR       .....                  (no boots)
Stlth    ++........             (no amulet)
HPRegen  0.10/turn              (no ring)
MPRegen  0.12/turn              (no ring)

@: no status effects
A: small, carnivore
a: Renounce Religion


You were on level 3 of the Dungeon.
You worshipped Dithmenos.
Dithmenos was noncommittal.
You were very full.

You visited 1 branch of the dungeon, and saw 3 of its levels.

You collected 86 gold pieces.

Inventory:

Hand Weapons
 g - a +0 dagger of venom (weapon)
Armour
 a - a +0 robe (worn)
 n - a +0 helmet (worn)
 q - a +0 cloak (worn)
Jewellery
 k - a +3 ring of strength {unknown}
Scrolls
 b - a scroll of enchant weapon {unknown}
 e - 2 scrolls of teleportation {unknown}
 f - a scroll of blinking {unknown}
 h - a scroll of amnesia {unknown}
 i - 2 scrolls of remove curse {unknown}
 j - a scroll of immolation {unknown}
 l - a scroll of identify {unknown}
Potions
 d - a potion of lignification {unknown}
 m - 3 potions of curing
 o - 2 potions of haste {unknown}
Comestibles
 c - 5 rations
 p - 4 chunks of flesh


   Skills:
 - Level 2.7 Dodging
 + Level 3.1 Stealth
 + Level 3.4 Spellcasting
 + Level 2.7 Conjurations
 + Level 2.2 Air Magic
 + Level 4.0 Poison Magic


You had one spell level left.
You knew the following spells:

 Your Spells              Type           Power        Failure   Level  Hunger
a - Sting                 Conj/Pois      ###.         3%          1    None
b - Poisonous Vapours     Pois/Air       ##....       6%          2    ##.....
c - Mephitic Cloud        Conj/Pois/Air  ##......     14%         3    ###....
d - Olgreb's Toxic Radia  Pois           ###.....     30%         4    ####...

Your spell library contained the following spells:

 Spells                   Type           Power        Failure   Level  Hunger
 Venom Bolt               Conj/Pois      ###.......   71%         5    ######.


Dungeon Overview and Level Annotations

Branches:
Dungeon (3/15)

Altars:
Dithmenos


Innate Abilities, Weirdness & Mutations

You are small and have problems with some larger weapons.
You are carnivorous and can eat meat at any time.


Message History

The ice beast is moderately wounded.
The ice beast barely misses you.
You are too injured to fight recklessly!
You are too injured to fight recklessly!
You are too injured to fight recklessly!
You are too injured to fight recklessly!
You are too injured to fight recklessly!
You hit the ice beast.
The ice beast is moderately wounded.
The ice beast barely misses you.
You barely miss the ice beast.
The ice beast is moderately wounded.
The ice beast hits you but does no damage.
You hit the ice beast but do no damage.
The ice beast is moderately wounded.
The ice beast misses you.
You hit the ice beast but do no damage.
The ice beast is poisoned.
The ice beast is moderately wounded.
The ice beast hits you.
You die...

. . #. #######.# ###
##..#r?##.# ##.##
##.##.### #.###.#.#
#.####..####...###.
#Y######.##.#### ##
##@8# ##..## #
##################
#.................
≈≈≈≈≈≈≈≈≈≈≈≈≈≈≈≈≈≈
≈≈≈≈≈≈≈≈≈≈≈)≈≈≈≈≈≈
#.................
#######'##########
###........#.8###.8##
##.#......()'÷.)..)...


You could see an ice beast.

Vanquished Creatures
  Crazy Yiuf (D:2)
  An orc priest (D:3)
  An orc wizard (D:3)
  5 adders
  An ooze (D:1)
  A worm (D:2)
  3 dart slugs
  3 leopard geckos
  6 orcs (D:3)
  2 ball pythons (D:1)
  4 bats
  3 giant cockroaches
  8 goblins
  7 hobgoblins
  3 jackals (D:2)
  5 kobolds
  A quokka (D:3)
  5 frilled lizards
  6 rats
66 creatures vanquished.

Notes
Turn   | Place    | Note
-------+----------+-------------------------------------------
     0 | D:1      | sking99 the Kobold Venom Mage began the quest for the Orb.
     0 | D:1      | Reached XP level 1. HP: 10/10 MP: 3/3
    97 | D:1      | Reached XP level 2. HP: 10/15 MP: 0/5
   354 | D:1      | Learned a level 2 spell: Poisonous Vapours
   738 | D:1      | Reached XP level 3. HP: 19/19 MP: 2/6
  1291 | D:1      | Learned a level 3 spell: Mephitic Cloud
  1621 | D:2      | Found a shadowy altar of Dithmenos.
  1628 | D:2      | Reached skill level 1 in Air Magic
  1628 | D:2      | Reached XP level 4. HP: 24/24 MP: 0/8
  1944 | D:2      | Became a worshipper of Dithmenos the Shadowed
  2160 | D:2      | Found a runed door.
  3236 | D:2      | Noticed Crazy Yiuf
  3240 | D:2      | Killed Crazy Yiuf
  3240 | D:2      | Reached XP level 5. HP: 22/28 MP: 0/9
  3708 | D:3      | Learned a level 4 spell: Olgreb's Toxic Radiance
  3883 | D:3      | Reached skill level 4 in Poison Magic
  3883 | D:3      | Reached XP level 6. HP: 32/32 MP: 0/11
  4064 | D:3      | Noticed an ice beast
  4101 | D:3      | HP: 1/32 [ice beast (7)]
  4106 | D:3      | Slain by an ice beast

Skill      XL: |  1  2  3  4  5 |
---------------+----------------+-----
Air Magic      | 1 2 |  2.2
Conjurations   | 2 |  2.7
Spellcasting   | 3 |  3.4
Stealth        | 3 |  3.1
Poison Magic   | 4 |  4.0
Dodging        | |  2.7

Action                   |  1- 3 |  4- 6 || total
-------------------------+-------+-------++-------
Melee: Unarmed           |    29 |       ||    29
       Dagger            |     6 |    35 ||    41
 Cast: Sting             |    57 |    43 ||   100
       Poisonous Vapours |     9 |    47 ||    56
  Eat: Chunk             |    11 |    10 ||    21
Armor: Robe              |    13 |     5 ||    18
Dodge: Dodged            |    47 |    28 ||    75
